 Dungeon Crawl Stone Soup version 0.17-a0-1056-g838d5c0 (webtiles) character file.

22 Hanyuu the Insei (level 2, -2/18 HPs)
             Began as an Octopode Transmuter on May 16, 2015.
             Slain by Terence
             ... wielding a +1 short sword of venom
              (9 damage)
             ... on level 2 of the Dungeon.
             The game lasted 00:01:55 (1238 turns).

Hanyuu the Insei (Octopode Transmuter)              Turns: 1238, Time: 00:01:56

Health: -2/18      AC:  1    Str:  9    XL:     2   Next: 91%
Magic:  5/5        EV: 12    Int: 15    God:
Gold:   24         SH:  0    Dex: 12    Spells: 1 memorised, 4 levels left

rFire  . . .     SeeInvis .       - Unarmed
rCold  . . .     Clarity  .     (no shield)
rNeg   . . .     SustAb   .     (helmet restricted)
rPois  .         Gourm    .     (no amulet)
rElec  .         Spirit   .     (no ring)
rCorr  .         Warding  .     (no ring)
rMut   .         Stasis   .     (no ring)
MR     .....                    (no ring)
Stlth  ++........               (no ring)
                                (no ring)
                                (no ring)
                                (no ring)

@: lethally poisoned (-2 -> -13), not resistant to hostile enchantments,
unstealthy
A: almost no armour, amphibious, 8 rings, constrict 8, camouflage 1, gelatinous
body 1
a: no special abilities


You were on level 2 of the Dungeon.
You were not hungry.

You visited 1 branch of the dungeon, and saw 2 of its levels.

You collected 24 gold pieces.

Inventory:

Missiles
 a - 30 arrows
 f - 12 poisoned needles
 k - 4 javelins (quivered)
Scrolls
 e - a scroll of remove curse {unknown}
 m - a scroll of recharging {unknown}
Potions
 g - a potion of curing {unknown}
 h - a potion of heal wounds {unknown}
 i - a potion of mutation {unknown}
 j - a potion of lignification {unknown}
Books
 b - a book of Changes

   Spells                             Type                      Level
   a - Beastly Appendage              Transmutation                1
   b - Sticks to Snakes               Transmutation                2
   c - Spider Form                    Transmutation/Poison         3
   d - Ice Form                       Ice/Transmutation            4
   e - Blade Hands                    Transmutation                5
Comestibles
 c - a bread ration
 d - a meat ration
 l - 2 chunks of flesh


   Skills:
 - Level 1.0 Fighting
 - Level 2.0 Dodging
 + Level 4.0 Unarmed Combat
 - Level 2.0 Spellcasting
 - Level 2.0 Transmutations


You had 4 spell levels left.
You knew the following spells:

 Your Spells              Type           Power        Failure   Level  Hunger
a - Beastly Appendage     Trmt           #.....       12%         1    #......


Dungeon Overview and Level Annotations

Branches:
Dungeon (2/15)

Altars:

Annotations:
D:2 Terence


Innate Abilities, Weirdness & Mutations

You cannot wear most types of armour.
You are amphibious.
You can wear up to eight rings at the same time.
You can use your tentacles to constrict eight enemies at once.
Your skin changes colour to match your surroundings (Stealth).
Your rubbery body absorbs attacks (AC +1).


Message History

Terence is moderately wounded.
You constrict Terence, but do no damage.
Terence hits you with a short sword of venom.
You tentacle-slap Terence but do no damage.
Terence is moderately wounded.
You constrict Terence. You tentacle-slap Terence.
Terence is heavily wounded.
You constrict Terence.
Terence hits you with a short sword of venom.
You are lethally poisoned!
You tentacle-slap Terence but do no damage.
Terence is heavily wounded.
You constrict Terence.
You feel sick. Terence barely misses you.
You tentacle-slap Terence but do no damage.
Terence is severely wounded.
You constrict Terence.
You feel sick.
Terence hits you with a short sword of venom!
Ouch! That really hurt!
You die...

## #.#.. #. #.#†#######
#.##.#.......#
#.##.#.(#..#.#
#.##.#..#..#.#
#.##.#.(#..#@#
#.##.#..#..#@#
#####.##.#(.#..#.#
............#..#.#
#####.#####.#..#.#
....#.......#..#...$...#
###÷#.......# #########
.#....).....#
.#.....####.#


You could see Terence.

Vanquished Creatures
  An adder (D:2)
  A ball python (D:1)
  3 bats (D:1)
  A giant cockroach (D:1)
  A goblin (D:1)
  A hobgoblin (D:1)
  A giant newt (D:1)
  A jackal (D:2)
  2 kobolds
  A rat (D:1)
13 creatures vanquished.

Notes
Turn   | Place    | Note
--------------------------------------------------------------
     0 | D:1      | Hanyuu the Octopode Transmuter began the quest for the Orb.
     0 | D:1      | Reached XP level 1. HP: 13/13 MP: 3/3
   400 | D:1      | Reached XP level 2. HP: 15/18 MP: 5/5
  1037 | D:2      | Reached skill level 4 in Unarmed Combat
  1226 | D:2      | Noticed Terence
  1238 | D:2      | Slain by Terence

Vault maps used:
D:1:      eino_arrival_cavern_c
D:2:      lemuel_crystal_altar, kennysheep_potato, uniq_jessica, uniq_sigmund,
          uniq_terence

Action                   || total
-------------------------++-------
Melee: Unarmed           ||    45
 Cast: Beastly Appendage ||     1
  Eat: Chunk             ||     1
